 Dungeon Crawl Stone Soup version 0.29.1-13-g9f3cf754e1 (webtiles) character file.

Game seed: 8212866260246663983

60 shadowmeld the Insei (level 4, 0/33 HPs)
             Began as a Djinni Transmuter on Jan 31, 2023.
             Killed from afar by Sigmund (9 damage)
             ... with a magic dart
             ... on level 2 of the Dungeon.
             The game lasted 00:07:52 (726 turns).

shadowmeld the Insei (Djinni Transmuter)             Turns: 726, Time: 00:07:53

Health: 0/33       AC:  3    Str:  9    XL:     4   Next: 24%
Gold:   53         EV: 13    Int: 16    God:
                   SH:  0    Dex: 14

rFire   + + .      SeeInvis .     - Unarmed
rCold   x . .      Faith    .   (no shield)
rNeg    . . .      Spirit   .   a - +0 robe
rPois   ∞          Reflect  .   k - +0 helmet
rElec   .          Harm     .   (no cloak)
rCorr   .          Rampage  .   (no gloves)
Will    .....                   (boots unavailable)
Stlth   +.........              c - amulet of regeneration
HPRegen 0.91/turn               (no ring)
MPRegen 0.00/turn               (no ring)

@: flying
A: sickness immunity, fire resistance 2, cold vulnerability 1, float, innate
caster, HP casting, extra vitality 1
a: no special abilities


You were on level 2 of the Dungeon.
You visited 1 branch of the dungeon, and saw 2 of its levels.

You collected 53 gold pieces.

Inventory:

Armour
 a - a +0 robe (worn)
 k - a +0 helmet (worn)
Jewellery
 c - an amulet of regeneration (around neck)
Scrolls
 d - a scroll of fear {unknown}
 e - a scroll of acquirement {unknown}
 f - 2 scrolls of brand weapon {unknown}
 j - a scroll of noise {unknown}
Potions
 b - a potion of attraction {unknown}
 g - 3 potions of curing {unknown}
 h - 2 potions of flight {unknown}
 i - a potion of haste {unknown}
 l - a potion of might {unknown}


   Skills:
 * Level 1.7 Fighting
 * Level 3.0 Dodging
 + Level 3.5 Unarmed Combat
 * Level 2.1 Spellcasting


You couldn't memorise any spells.
You knew the following spells:

 Your Spells              Type           Power      Damage    Failure   Level
a - Beastly Appendage     Tmut           16%        N/A       9%          1
b - Wereblood             Tmut           8%         N/A       13%         2
c - Spider Form           Tmut/Pois      8%         N/A       26%         3
d - Ice Form              Ice/Tmut       8%         N/A       63%         4
e - Sandblast             Erth           16%        2d6       9%          1
Your spell library was empty.

Dungeon Overview and Level Annotations

Branches:
Dungeon (2/15)

Altars:

Annotations:
D:2 Sigmund


Innate Abilities, Weirdness & Mutations

You are immune to sickness and miasma.
You are immune to poison.
Your flesh is very heat resistant. (rF++)
You are vulnerable to cold. (rC-)
You float through the air rather than walking.
You learn spells naturally, not from books.
Your magical power is your life essence.
You have superior vitality. (+4 MHP)


Message History

Press: ? - help, Shift-Dir - straight line, f/p - Sigmund
Aim: Sigmund, wielding a +0 scythe of protection and wearing a +0 robe (78% to hit)
The blast of sand hits Sigmund but does no damage.
Sigmund misses you.
Casting: Sandblast (safe; 9% risk of failure)
Confirm with . or Enter, or press ? or * to list all spells.
You grow a pair of large bovine horns.
Your +0 helmet melds into your body.
You hit Sigmund but do no damage.
Sigmund hits you with a +0 scythe of protection!
You barely miss Sigmund. Sigmund closely misses you.
You closely miss Sigmund. You hit Sigmund.
Sigmund is lightly wounded.
Sigmund casts a spell at you. The magic dart hits you!
Sigmund casts a spell.
Sigmund flickers and vanishes!
Deactivating autopickup; reactivate with Ctrl-A.
Your transformation is almost over.
You hear some strange, mumbled words.
You are confused.
Something hits you!
You are too confused!
You are too confused!
You are too confused!
You are too confused!
You are too confused!
You are too confused!
You are too confused!
You are too confused!
You are too confused!
You are too confused!
You bump into the rock wall.
Something hits you!
* * * LOW HITPOINT WARNING * * *
You feel less confused.
Your horns disappear.
Your +0 helmet unmelds from your body.
A magic dart appears from out of thin air!
The magic dart hits you!
You die...

#.# .# .........############
#.##.# ##.#..............##
#.##.#.####...................
####....#.......##############.##
........######.......... #...
.........#####..######## ####
......#..#....[.#
#...#....#.#.#..######
#.#.###.##.#.#..@....#
...........#.##.####{#
....###.####. #.# #.#
..#.......##. #.####.#
........#@##. #.#....###
..#)@...#.##. ..#......#
#.#.#...#.# ###....>.#
..#)#...#.#######......#
#.#)#...#.......'......#


There were no monsters in sight!

Vanquished Creatures
  Robin (D:2)
  An adder (D:2)
  A dart slug (D:1)
  2 bats (D:1)
  2 endoplasms
  2 giant cockroaches (D:1)
  8 goblins
  6 hobgoblins
  4 jackals (D:2)
  3 ball pythons
  A rat (D:1)
31 creatures vanquished.

Notes
Turn   | Place    | Note
-------+----------+-------------------------------------------
     0 | D:1      | shadowmeld the Djinni Transmuter began the quest for the
                  | Orb.
     0 | D:1      | shadowmeld set off with the following spells memorised:
                  | Beastly Appendage, Wereblood, Spider Form, Ice Form.
     0 | D:1      | Reached XP level 1. HP: 17/17 MP: 0/0
    52 | D:1      | Found a faded altar of an unknown god.
   206 | D:1      | Reached XP level 2. HP: 21/22 MP: 0/0
   585 | D:2      | Noticed Robin
   593 | D:2      | Reached XP level 3. HP: 27/27 MP: 0/0
   593 | D:2      | Learned a level 1 spell: Sandblast
   604 | D:2      | Killed Robin
   643 | D:2      | Noticed Sigmund
   650 | D:2      | Reached XP level 4. HP: 29/33 MP: 0/0
   726 | D:2      | Killed from afar by Sigmund

Illustrated notes

Levels and vault maps discovered:
D:1:      lordsloth_arrival_two_stooges, layout_rooms,
          ebering_ecumenical_altar_mist
D:2:      layout_basic, uniq_sigmund, uniq_robin

Skill      XL: |  1  2  3  4 |
---------------+-------------+-----
Spellcasting   | 2 |  2.1
Dodging        | 3 |  3.0
Fighting       | |  1.7
Unarmed Combat | |  3.5

Action                   |  1- 3 |  4- 6 || total
-------------------------+-------+-------++-------
Melee: Unarmed           |    68 |    23 ||    91
       Headbutt          |    13 |     7 ||    20
 Cast: Beastly Appendage |    11 |     1 ||    12
       Sandblast         |     2 |     2 ||     4
  Use: Potion            |     1 |       ||     1
Armor: Robe              |     9 |     3 ||    12
       Skin              |    25 |       ||    25
Dodge: Dodged            |    35 |    13 ||    48
